 Dungeon Crawl Stone Soup version 0.28.0 (webtiles) character file.

Game seed: 5191678985332188640

172 Kikato the Ducker (level 5, -1/39 HPs)
             Began as a Demonspawn Gladiator on Feb 7, 2022.
             Was a Believer of Trog.
             Slain by a ball python (3 damage)
             ... on level 2 of the Dungeon.
             The game lasted 00:21:00 (3229 turns).

Kikato the Ducker (Demonspawn Gladiator)            Turns: 3229, Time: 00:21:02

Health: -1/39      AC:  7    Str: 16    XL:     5   Next: 27%
Magic:  5/5        EV:  9    Int:  9    God:    Trog [**....]
Gold:   16         SH:  0    Dex: 15    Spells: 4/4 levels left

rFire   . . .      SeeInvis .   o - +1 hand axe (vamp)
rCold   . . .      Faith    .   (no shield)
rNeg    . . .      Spirit   .   f - +0 ring mail
rPois   .          Reflect  .   b - +0 helmet
rElec   .          Harm     .   (no cloak)
rCorr   .          Rampage  .   (no gloves)
Will    .....                   l - +0 pair of boots
Stlth   +.........              (no amulet)
HPRegen 0.13/turn               (no ring)
MPRegen 0.18/turn               (no ring)

@: constricted
A: demonic guardian 1, magic regeneration, sturdy frame 1
a: Renounce Religion, Berserk, Trog's Hand


You were on level 2 of the Dungeon.
You worshipped Trog.
Trog was pleased with you.
You visited 1 branch of the dungeon, and saw 3 of its levels.

You collected 94 gold pieces.
You spent 78 gold pieces at shops.

Inventory:

Hand Weapons
 a - the +1 dagger "Ahanaenk" {vamp, *Corrode Int+5}
   (You found it on level 2 of the Dungeon)

   It occasionally heals its wielder for a portion of the damage dealt when it
   wounds a living foe.
   Int:       It affects your intelligence (+5).
   *Corrode:  It may corrode you when you take damage.
 e - a +0 dagger
 h - a +0 spectral short sword
 j - a +0 dagger
 m - a +0 dagger
 n - a +0 falchion
 o - a +1 vampiric hand axe (weapon)
 r - a +0 mace
 u - a +0 broad axe
Missiles
 i - 86 stones (quivered)
 k - 4 boomerangs
 v - 12 bolts
Armour
 b - a +0 helmet (worn)
 f - a +0 ring mail (worn)
 l - a +0 pair of boots (worn)
Scrolls
 p - a scroll of holy word {unknown}
 s - a scroll of fog {unknown}
 w - a scroll of teleportation {unknown}
 z - a scroll of blinking {unknown}
Potions
 d - a potion of might {unknown}
 g - a potion of cancellation {unknown}
 q - a potion of berserk rage
 t - a potion of mutation {unknown}
 x - a potion of haste {unknown}
 A - a potion of magic {unknown}


   Skills:
 + Level 2.7 Fighting
 + Level 0.4 Short Blades
 + Level 0.9(1.1) Axes
 + Level 0.8(1.0) Maces & Flails
 + Level 1.8 Throwing
 + Level 0.5 Armour
 + Level 3.8 Dodging
 + Level 1.2 Stealth
 + Level 3.5 Unarmed Combat


You had 4 spell levels left.
You didn't know any spells.
Your spell library contained the following spells:

 Spells                   Type           Power      Damage    Failure   Level
 Tukima's Dance           Hex            0%         N/A       86%         3
 Passage of Golubria      Tloc           0%         N/A       99%         4
 Yara's Violent Unravell  Hex/Tmut       0%         3d3       100%        5


Dungeon Overview and Level Annotations

Branches:
Dungeon (3/15)

Altars:
Trog

Shops:
D:2 *


Innate Abilities, Weirdness & Mutations

A weak demonic guardian rushes to your aid.
You regenerate magic rapidly.
Your movements are slightly less encumbered by armour. (ER -2)


Message History

You barely miss the ball python.
You feel sick.
You are no longer poisoned.
The ball python bites you but does no damage.
The ball python grabs you. The ball python constricts you.
* * * LOW HITPOINT WARNING * * *
The gnoll closely misses you.
The ball python bites you but does no damage.
The ball python constricts you. The gnoll completely misses you.
You closely miss the gnoll.
The gnoll is heavily wounded.
You hit the ball python. The ball python completely misses you.
The ball python constricts you. The gnoll hits you but does no damage.
You barely miss the gnoll.
The gnoll is heavily wounded.
You hit the ball python.
You feel better. The ball python misses you. The ball python constricts you.
The gnoll barely misses you.
The ball python bites you but does no damage.
The ball python constricts you.
You hit the gnoll.
You feel better.
The gnoll is severely wounded.
You barely miss the ball python. The gnoll hits you but does no damage.
The ball python bites you but does no damage.
The ball python constricts you.
You closely miss the gnoll.
The gnoll is severely wounded.
You hit the ball python but do no damage.
The ball python barely misses you. The ball python constricts you.
The gnoll closely misses you.
The ball python bites you but does no damage.
The ball python constricts you. The gnoll hits you with a +0 whip!
* * * LOW HITPOINT WARNING * * *
A demonic guardian appears!
You barely miss the gnoll.
The gnoll is severely wounded.
You closely miss the ball python.
The ball python bites you but does no damage.
The ball python constricts you.
* * * LOW HITPOINT WARNING * * *
The gnoll closely misses you. The ball python bites you.
You die...

#.# #.#.......#.##.##.........
#.###.#.#.##.##.##.##.#####..#
#............##..........##...
###.#.........#.#####.##.##...
#.#########.#.#####.##.####.
#...# #.#.......##.# ## ###.#
###.##########.# #
####.#####.gS..# #.# #
#....)..##..@5.# #.#
#.##.....#.....# ######.#
#.##.##..#.....# #...>..#
#.##...รท.#.....# #.######
#.##.#...####### #.#
#.##.....# #.# #.......#######
#.# ######........# #.#
#..#####.####.#


You could see a gnoll, a ball python (ally target) and a friendly shadow imp
(summoned).

Vanquished Creatures
  An orc priest (D:2)
  An orc wizard (D:2)
  2 adders (D:2)
  2 dart slugs
  An orc (D:2)
  3 ball pythons (D:2)
  8 bats
  8 endoplasms
  2 giant cockroaches
  A goblin (D:1)
  4 hobgoblins
  2 jackals (D:1)
  A quokka (D:2)
  2 frilled lizards
  6 kobolds
  8 rats
52 creatures vanquished.

Vanquished Creatures (collateral kills)
  An orc priest (D:2)
  An adder (D:2)
  A worm (D:2)
  An orc (D:2)
4 creatures vanquished.

Vanquished Creatures (others)
  2 fungi (D:1)
  4 plants (D:1)
6 creatures vanquished.

Grand Total: 62 creatures vanquished

Notes
Turn   | Place    | Note
-------+----------+-------------------------------------------
     0 | D:1      | Kikato the Demonspawn Gladiator began the quest for the
                  | Orb.
     0 | D:1      | Reached XP level 1. HP: 16/16 MP: 1/1
   354 | D:1      | Gained mutation: Your movements are slightly less
                  | encumbered by armour. (ER -2) [demonic ancestry]
   354 | D:1      | Reached XP level 2. HP: 22/22 MP: 2/2
  1091 | D:1      | Found a faded altar of an unknown god.
  1113 | D:1      | Prayed at the altar of an unknown god.
  1113 | D:1      | Became a worshipper of Trog the Wrathful
  1113 | D:1      | Reached * piety under Trog
  1573 | D:2      | Gained mutation: A weak demonic guardian rushes to your
                  | aid. [demonic ancestry]
  1573 | D:2      | Reached XP level 3. HP: 27/27 MP: 3/3
  1912 | D:2      | Gained mutation: You regenerate magic rapidly. [demonic
                  | ancestry]
  1912 | D:2      | Reached XP level 4. HP: 31/34 MP: 4/4
  1918 | D:2      | Reached skill level 1 in Stealth
  2064 | D:2      | Identified the +1 dagger "Ahanaenk" {vamp, *Corrode Int+5}
  2076 | D:2      | Reached XP level 5. HP: 36/39 MP: 5/5
  2177 | D:2      | Reached ** piety under Trog
  2726 | D:2      | Found Eskem's Assorted Antiques.
  2743 | D:2      | Bought a scroll of identify for 52 gold pieces
  2743 | D:2      | Bought a scroll labelled GUEDEALASU for 26 gold pieces
  3229 | D:2      | Slain by a ball python

Illustrated notes

Levels and vault maps discovered:
D:1:      sevenhm_arrival_forest_fort_large_4, layout_rooms,
          shapermc_ecumenical_altar_ellora
D:2:      cheibrodos_pilgrimage, layout_loops_cross, serial_shops,
          nicolae_lakefront_shop, minmay_fractal_squares_5
D:3:      layout_basic, chequers_arboretum

Skill      XL: |  1  2  3  4 |
---------------+-------------+-----
Unarmed Combat | 3 |  3.5
Dodging        | 3 |  3.8
Stealth        | 1 |  1.2
Fighting       | |  2.7
Short Blades   | |  0.4
Axes           | |  0.9
Maces & Flails | |  0.8
Throwing       | |  1.8
Armour         | |  0.5

Action                   |  1- 3 |  4- 6 || total
-------------------------+-------+-------++-------
Melee: Unarmed           |    52 |       ||    52
       Punch             |     5 |     4 ||     9
       Club              |    59 |       ||    59
       Short sword       |    51 |     4 ||    55
       Hand axe          |       |    66 ||    66
Throw: Throwing net      |       |     3 ||     3
       Stone             |       |     1 ||     1
  Use: Scroll            |     2 |     1 ||     3
       Potion            |     1 |       ||     1
 Stab: Sleeping          |     1 |       ||     1
Armor: Leather armour    |    46 |       ||    46
       Skin              |     4 |       ||     4
       Ring mail         |     2 |    43 ||    45
Dodge: Dodged            |   124 |    74 ||   198
